 Dungeon Crawl Stone Soup version 0.28.0-45-g0d030f2227 (webtiles) character file.

Game seed: 6837489098782928942

23 Kaptain the Digger (level 2, -1/16 HPs)
             Began as a Gargoyle Earth Elementalist on Mar 31, 2022.
             Slain by a scorpion (6 damage)
             ... on level 2 of the Dungeon.
             The game lasted 00:02:28 (1589 turns).

Kaptain the Digger (Gargoyle Earth Elementalist)    Turns: 1589, Time: 00:02:29

Health: -1/16      AC:  5    Str: 11    XL:     2   Next: 95%
Magic:  1/5        EV: 12    Int: 15    God:
Gold:   13         SH:  0    Dex: 10    Spells: 4/5 levels left

rFire   . . .      SeeInvis .   i - +0 dagger (venom)
rCold   . . .      Faith    .   (no shield)
rNeg    + . .      Spirit   .   b - +0 robe
rPois   ∞          Reflect  .   g - +0 helmet
rElec   +          Harm     .   (no cloak)
rCorr   .          Rampage  .   (no gloves)
Will    .....                   (no boots)
Stlth   ++........              (no amulet)
HPRegen 0.05/turn               (no ring)
MPRegen 0.09/turn               (no ring)

@: no status effects
A: sickness immunity, AC +2, negative energy resistance 1, electricity
resistance, torment resistance 1, petrification resistance
a: no special abilities


You were on level 2 of the Dungeon.
You visited 1 branch of the dungeon, and saw 2 of its levels.

You collected 13 gold pieces.

Inventory:

Hand Weapons
 d - a +0 short sword
 i - a +0 dagger of venom (weapon)
Missiles
 c - 96 stones
Armour
 b - a +0 robe (worn)
 g - a +0 helmet (worn)
Scrolls
 e - a scroll of noise {unknown}
 k - a scroll of identify {unknown}
Potions
 a - a potion of curing {unknown}
 f - a potion of heal wounds {unknown}
 h - a potion of berserk rage {unknown}
 j - a potion of ambrosia {unknown}


   Skills:
 * Level 0.9 Fighting
 + Level 0.5 Armour
 + Level 1.7 Dodging
 - Level 2.2 Stealth
 * Level 2.2 Spellcasting
 * Level 0.8 Conjurations
 - Level 0.8 Transmutations
 * Level 3.9 Earth Magic


You had 4 spell levels left.
You knew the following spells:

 Your Spells              Type           Power      Damage    Failure   Level
a - Sandblast             Erth           26%        2d8       4%          1

Your spell library contained the following spells:

 Spells                   Type           Power      Damage    Failure   Level
 Passwall                 Tmut/Erth      6%         N/A       12%         2
 Magic Dart               Conj           16%        1d3       16%         1
 Searing Ray              Conj           8%         2d4       24%         2
 Stone Arrow              Conj/Erth      16%        3d8       24%         3
 Petrify                  Tmut/Erth      8%         N/A       63%         4
 Fulminant Prism          Conj/Hex       1%         3d6       88%         4


Dungeon Overview and Level Annotations

Branches:
Dungeon (2/15)

Altars:


Innate Abilities, Weirdness & Mutations

You are immune to sickness and miasma.
Your stone body is resilient. (AC +2)
You are immune to poison.
You resist negative energy. (rN+)
You are resistant to electric shocks. (rElec)
You are resistant to unholy torment.
You are immune to petrification.


Message History

You hit the rat.
You kill the rat!
The scorpion misses you.
You closely miss the scorpion. The scorpion misses you.
The scorpion stings you. The scorpion stings you.
Casting: Sandblast (safe; 4% risk of failure)
Confirm with . or Enter, or press ? or * to list all spells.
Aiming: Sandblast (safe; 4% risk of failure)
Press: ? - help, Shift-Dir - straight line, f - scorpion
Aim: a scorpion (79% to hit)
The blast of sand hits the scorpion but does no damage.
The scorpion stings you.
Unknown command.
Casting: Sandblast (safe; 4% risk of failure)
Confirm with . or Enter, or press ? or * to list all spells.
Aiming: Sandblast (safe; 4% risk of failure)
Press: ? - help, Shift-Dir - straight line, f/p - scorpion
Aim: a scorpion (79% to hit)
The blast of sand hits the scorpion but does no damage.
The scorpion closely misses you.
Unknown command.
Casting: Sandblast (safe; 4% risk of failure)
Confirm with . or Enter, or press ? or * to list all spells.
Aiming: Sandblast (safe; 4% risk of failure)
Press: ? - help, Shift-Dir - straight line, f/p - scorpion
Aim: a scorpion (79% to hit)
The blast of sand hits the scorpion.
The scorpion is moderately wounded.
The scorpion stings you.
Unknown command.
Casting: Sandblast (safe; 4% risk of failure)
Confirm with . or Enter, or press ? or * to list all spells.
Aiming: Sandblast (safe; 4% risk of failure)
Press: ? - help, Shift-Dir - straight line, f/p - scorpion
Aim: a scorpion (moderately wounded, 79% to hit)
The blast of sand hits the scorpion.
The scorpion is heavily wounded.
The scorpion stings you.
You die...

###.....#...# ........#...#
.#..>...'...## .#......#....#
.#......#....##
...#....#.....#
##.#.########.#### # ...#.#
#<...# #####.#
##.#.#########)#@####.†...###
#...............s......^....
#.......#####...........####
#.......# ##.###..###.#
#.......# #..##..# ..
#.......# ##.##..# .#
#.......# .##..# # #.......#
.##..# #.......# .##..#


You could see a scorpion.

Vanquished Creatures
  A worm (D:2)
  2 endoplasms (D:2)
  2 goblins
  2 hobgoblins
  4 kobolds (D:1)
  4 ball pythons
  3 bats (D:1)
  A frilled lizard (D:1)
  2 rats
21 creatures vanquished.

Notes
Turn   | Place    | Note
-------+----------+-------------------------------------------
     0 | D:1      | Kaptain the Gargoyle Earth Elementalist began the quest for
                  | the Orb.
     0 | D:1      | Reached XP level 1. HP: 10/10 MP: 3/3
   596 | D:1      | Reached XP level 2. HP: 15/15 MP: 3/5
  1575 | D:2      | Noticed a scorpion
  1589 | D:2      | Slain by a scorpion

Illustrated notes

Levels and vault maps discovered:
D:1:      dpeg_arrival_rooms_with_view, layout_basic
D:2:      layout_basic, serial_shops, shop_coins, nicolae_shop_waterfront,
          nicolae_shop_bloodbath_and_beyond

Action                   || total
-------------------------++-------
Melee: Dagger            ||    31
       Short sword       ||     2
       Punch             ||     1
 Cast: Sandblast         ||    21
 Stab: Sleeping          ||     3
Armor: Robe              ||    12
Dodge: Dodged            ||    19
